 Dungeon Crawl Stone Soup version 0.31-a0-851-g7ff8af7976 (webtiles) character file.

Game seed: 131308342791296211

258 BinkBink the Chopper (level 5, -2/47 HPs)
             Began as a Minotaur Fighter on Oct 5, 2023.
             Killed from afar by an orc wizard (6 damage)
             ... with a magic dart
             ... on level 4 of the Dungeon.
             The game lasted 00:02:29 (1916 turns).

BinkBink the Chopper (Minotaur Fighter)             Turns: 1916, Time: 00:02:30

Health: -2/47      AC:  7    Str: 23    XL:     5   Next: 94%
Magic:  4/4        EV:  9    Int:  5    God:
Gold:   132        SH:  0    Dex:  9    Spells: 4/4 levels left

rFire   . . .        k - +3 hand axe
rCold   . . .        c - +0 buckler
rNeg    . . .        b - +0 scale mail
rPois   .            (helmet restricted)
rElec   .            (no cloak)
rCorr   .            (no gloves)
SInv    .            (no boots)
Will    .....        (no amulet) Stlth
                     (no ring)
HPRegen 0.27/turn    (no ring)
MPRegen 0.09/turn

%: no passive effects
@: confused
A: horns 2, retaliatory headbutt
a: no special abilities


You were on level 4 of the Dungeon.
You visited 1 branch of the dungeon, and saw 4 of its levels.

You collected 132 gold pieces.

Inventory:

Hand Weapons
 a - a +0 war axe
 k - a +3 hand axe (weapon)
Armour
 b - a +0 scale mail (worn)
 c - a +0 buckler (worn)
Jewellery
 g - a +6 ring of strength
 q - a ring of willpower
Scrolls
 e - 2 scrolls of blinking {unknown}
 f - 6 scrolls of identify {unknown}
 h - 2 scrolls of teleportation {unknown}
 j - a scroll of revelation {unknown}
 n - a scroll of silence {unknown}
 p - 2 scrolls of poison {unknown}
 r - a scroll of enchant weapon {unknown}
Potions
 d - 2 potions of might
 i - a potion of mutation {unknown}
 l - 3 potions of curing {unknown}
 m - a potion of lignification {unknown}
 o - a potion of attraction {unknown}


   Skills:
 + Level 4.8 Fighting
 * Level 5.1 Axes
 + Level 4.8 Armour
 + Level 4.8 Shields


You had 4 spell levels left.
You didn't know any spells.
Your spell library contained the following spells:

 Spells                   Type           Power      Damage    Failure   Level
 Hailstorm                Conj/Ice       0%         3d3       99%         3
 Summon Ice Beast         Ice/Summ       0%         N/A       100%        4
 Simulacrum               Ice/Necr       0%         N/A       100%        6


Dungeon Overview and Level Annotations

Branches:
Dungeon (4/15)
 Temple: D:4-7

Altars:


Innate Abilities, Weirdness & Mutations

You have a pair of horns on your head.
You reflexively headbutt those who attack you in melee.


Message History

You are more confused.
Something hits you but does no damage.
You completely miss something. Something hits you but does no damage.
Something hits you.
Things that are here:
a +0 dagger; an orc corpse You bump into the rock wall.
Something hits you but does no damage.
You hear some strange, mumbled words.
You are more confused.
You bump into the rock wall.
Something hits you but does no damage.
You hear some strange, mumbled words.
A magic dart appears from out of thin air!
The magic dart hits you.
* * * LOW HITPOINT WARNING * * *
Things that are here:
a +0 dagger; a +0 robe You hear some strange, mumbled words.
You are more confused.
Something hits you.
* * * LOW HITPOINT WARNING * * *
Things that are here:
a +0 dagger; a +0 robe You're too confused to move!
You hear some strange, mumbled words.
Something tries to affect you, but you resist.
Something hits you but does no damage.
Things that are here:
a +0 dagger; an orc corpse You bump into the rock wall.
You hear some strange, mumbled words.
A magic dart appears from out of thin air!
The magic dart hits you!
* * * LOW HITPOINT WARNING * * *
You bump into the rock wall.
Something hits you but does no damage.
You barely miss something. Something hits you.
* * * LOW HITPOINT WARNING * * *
You hear some strange, mumbled words.
A magic dart appears from out of thin air!
The magic dart hits you.
You die...

#...:.#
#.....#
#.....#
#.....#
#.....##
#......#
#......#
#.{)).##
#.)@..# .
####'## ..
#..<..##...
#.).........
#..)).##..##
#.....# .#
#.....# #
#......+
#......#


There were no monsters in sight!

Vanquished Creatures
  An orc priest (D:3)
  4 orc wizards
  6 adders
  2 dart slugs (D:2)
  12 orcs
  4 ball pythons
  5 bats (D:1)
  4 endoplasms (D:1)
  2 giant cockroaches
  2 goblins (D:1)
  2 hobgoblins
  2 jackals (D:3)
  8 kobolds
  4 quokkas
  3 frilled lizards
  4 rats
65 creatures vanquished.

Notes
Turn   | Place    | Note
-------+----------+-------------------------------------------
     0 | D:1      | BinkBink the Minotaur Fighter began the quest for the Orb.
     0 | D:1      | Reached XP level 1. HP: 19/19 MP: 0/0
   262 | D:1      | Reached XP level 2. HP: 22/27 MP: 1/1
   318 | D:1      | Reached skill level 3 in Axes
   742 | D:2      | Reached XP level 3. HP: 33/33 MP: 2/2
  1197 | D:3      | Reached XP level 4. HP: 36/40 MP: 3/3
  1314 | D:3      | Reached skill level 4 in Axes
  1422 | D:3      | Reached XP level 5. HP: 7/47 MP: 4/4
  1900 | D:4      | Reached skill level 5 in Axes
  1916 | D:4      | Killed from afar by an orc wizard

Illustrated notes

Levels and vault maps discovered:
D:1:      eino_arrival_water_star, layout_loops_cross
D:2:      layout_rooms
D:3:      layout_rooms
D:4:      layout_gridville, ashenzari_altar_1, kennysheep_slug_shrine

Skill      XL: |  1  2  3  4  5 |
---------------+----------------+-----
Axes           | 3 4 5 |  5.1
Fighting       | 4 |  4.8
Armour         | 4 |  4.8
Shields        | 4 |  4.8

Action                     |  1- 3 |  4- 6 || total
---------------------------+-------+-------++-------
  Melee: War axe           |    25 |       ||    25
         Headbutt          |     6 |     8 ||    14
         Hand axe          |    42 |    63 ||   105
 Armour: Scale mail        |    45 |    69 ||   114
  Dodge: Dodged            |    26 |    21 ||    47
  Block: Buckler           |    16 |     9 ||    25

Table legend: (Time is in decaauts)
 A = Elapsed time spent in this place.
 B = Non-inter-level travel time spent in this place.
 C = Inter-level travel time spent in this place.
 D = Time resting spent in this place.
 E = Time spent auto-exploring this place.
 F = Levels seen in this place.
 G = Mean time per level.
                   A        B        C        D        E       F      G
               +--------+--------+--------+--------+--------+-----+--------+
         Total |   1937 |   1887 |     50 |    121 |   1418 |   4 |  484.2 |
       Dungeon |   1937 |   1887 |     50 |    121 |   1418 |   4 |  484.2 |
               +--------+--------+--------+--------+--------+-----+--------+

Top non-repeatable levels by time:
     D:1: 751 daAuts
     D:3: 660 daAuts
     D:2: 447 daAuts
     D:4: 79 daAuts
